cohdb
Replays
Latest Replays
All Replays
Popular Replays
Top Player Replays
Match Explorer
How It Works
Community
CoH3 Stats
Reddit
Sign in to upload your games and track your stats! →
Sign in with Steam
Match 45933181
Unlisted
Match 45933181
Overview
Messages
Build Orders
End
Construct Weapon Support Center
Engineer Squad
Selects Advanced Infantry Battlegroup
Bazooka Squad
M1919 Machine Gun Team
Bazooka Squad
M1919 Machine Gun Team
Selects Convert to Ranger Squad
Air Support Center
.30 cal Machine Gun
Bazooka Squad
P-47 Strafing Run
Grasshopper Recon Run
Double Sortie
Engineer Squad
P-47 Strafing Run
M1919 Machine Gun Team
P-47 Dive Bomb
P-47 Strafing Run
Grasshopper Recon Run
Selects Frontline Medical Station
Frontline Medical Station
P-47 Strafing Run
Selects Artillery Observers
Grasshopper Recon Run
Construct Tank Depot
P-47 Dive Bomb
P-47 Strafing Run
Selects Infantry Assault
M1919 Machine Gun Team
Grasshopper Recon Run
P-47 Strafing Run
M4(105) Sherman Bulldozer
P-47 Dive Bomb
Grasshopper Recon Run
Bazooka Squad
Improved M9 Bazooka Rockets
P-47 Strafing Run
P-47 Dive Bomb
M18 Hellcat Tank Destroyer
Engineer Squad
Grasshopper Recon Run
Infantry Assault
Selects M2A1 105mm Howitzer Emplacement
P-47 Dive Bomb
Grasshopper Recon Run
P-47 Strafing Run
M18 Hellcat Tank Destroyer
P-47 Dive Bomb
Selects Free Fire Drills
Grasshopper Recon Run
P-47 Strafing Run
起飞!
浮生
CUI
Misumi Uika
mayomeyo
FARM7D
Ico
General Rommel
0
0
Comments
sign in to comment!
No comments posted yet!